 Dungeon Crawl Stone Soup version 0.28-a0-1199-gef9e1dbd39 (webtiles) character file.

Game seed: 12107880618900703426

44 karrick the Skirmisher (level 3, -3/24 HPs)
             Began as a Gargoyle Fighter on Dec 20, 2021.
             Killed from afar by a white imp (7 damage)
             ... with a puff of frost
             ... summoned by Natasha
             ... on level 2 of the Dungeon.
             The game lasted 00:00:56 (1450 turns).

karrick the Skirmisher (Gargoyle Fighter)           Turns: 1450, Time: 00:00:57

Health: -3/24      AC: 10    Str: 19    XL:     3   Next: 60%
Magic:  3/3        EV:  9    Int:  8    God:
Gold:   28         SH:  4    Dex: 11    Spells: 2/2 levels left

rFire   . . .      SeeInvis .   a - +0 flail
rCold   . . .      Faith    .   c - +0 buckler
rNeg    + . .      Spirit   .   b - +0 scale mail
rPois   ∞          Reflect  .   (no helmet)
rElec   +          Harm     .   (no cloak)
rCorr   .          Rampage  .   (no gloves)
Will    .....                   (no boots)
Stlth   ..........              (no amulet)
HPRegen 0.08/turn               (no ring)
MPRegen 0.08/turn               (no ring)

@: no status effects
A: sickness immunity, AC +3, negative energy resistance 1, electricity
resistance, torment resistance 1, petrification resistance
a: no special abilities


You were on level 2 of the Dungeon.
You visited 1 branch of the dungeon, and saw 2 of its levels.

You collected 28 gold pieces.

Inventory:

Hand Weapons
 a - a +0 flail (weapon)
Armour
 b - a +0 scale mail (worn)
 c - a +0 buckler (worn)
Scrolls
 e - a scroll of enchant armour {unknown}
 h - a scroll of teleportation {unknown}
 i - a scroll of noise {unknown}
Potions
 d - a potion of might
 f - a potion of flight {unknown}
 g - 2 potions of heal wounds {unknown}
 j - a potion of curing {unknown}


   Skills:
 + Level 4.0 Fighting
 + Level 2.4 Maces & Flails
 + Level 3.6 Armour
 + Level 0.3 Dodging
 + Level 3.5 Shields


You had 2 spell levels left.
You didn't know any spells.
Your spell library contained the following spells:

 Spells                   Type           Power      Damage    Failure   Level
 Wereblood                Tmut           0%         N/A       90%         2
 Summon Hydra             Summ           0%         N/A       100%        7
 Sublimation of Blood     Necr           Unusable   N/A       N/A         2

Dungeon Overview and Level Annotations

Branches:
Dungeon (2/15)

Altars:

Annotations:
D:2 Natasha


Innate Abilities, Weirdness & Mutations

You are immune to sickness and miasma.
Your stone body is resilient. (AC +3)
You are immune to poison.
You resist negative energy. (rN+)
You are resistant to electric shocks. (rElec)
You are resistant to unholy torment.
You are immune to petrification.


Message History

No target in view!
No target in view!
No target in view!
No target in view!
You see here a hobgoblin corpse.
You see here a rat corpse.
Found 18 stones.
j - an orange potion Natasha, Servant of Life and Death comes into view.
Natasha hisses angrily.
Natasha mumbles some strange words.
Natasha is nearby!
Natasha is nearby!
Natasha is nearby!
The white imp shouts!
Natasha wildly gestures.
Natasha shimmers violently.
Natasha claws you.
Unknown command.
You sock Natasha!
Natasha is severely wounded.
Natasha mumbles some strange words.
The white imp hits you but does no damage.
Natasha claws you!
You barely miss Natasha.
Natasha is heavily wounded.
The white imp barely misses you. The shadow imp hits you. Natasha claws you.
You hit Natasha.
Natasha is severely wounded.
The white imp hits you. The white imp freezes you.
* * * LOW HITPOINT WARNING * * *
Natasha stares at you and mumbles some strange words.
The magic dart hits you.
* * * LOW HITPOINT WARNING * * *
You block the shadow imp's attack.
You closely miss Natasha.
Natasha is severely wounded.
The white imp gestures at you. The puff of frost hits you!
You die...

## #.# #.# #.####..# # #.# #.#
#.# #..# #.# #
#.###.#####.####.># #.# #
#..............#..# #.#
####.###.......##.#..# ####.####
.....# ...#######.#..###.......#
####.##.#......##.#............#
#.... ..##..5#.#.####..<...†##
###.........5@.#..............
#...(.##..h########.......##
#....####.# #.......# #.## #.
#.......# .# # #.##.#### >..##.#
######.# ...


You could see Natasha, a white imp (summoned) and a shadow imp (summoned).

Vanquished Creatures
  2 adders (D:2)
  A worm (D:2)
  2 endoplasms (D:1)
  2 giant cockroaches
  3 goblins (D:1)
  2 hobgoblins
  A kobold (D:1)
  A quokka (D:2)
  A ball python (D:1)
  2 bats
  4 frilled lizards (D:1)
  3 rats
24 creatures vanquished.

Notes
Turn   | Place    | Note
-------+----------+-------------------------------------------
     0 | D:1      | karrick the Gargoyle Fighter began the quest for the Orb.
     0 | D:1      | Reached XP level 1. HP: 14/14 MP: 1/1
   191 | D:1      | Reached XP level 2. HP: 14/19 MP: 2/2
  1222 | D:2      | Reached XP level 3. HP: 24/24 MP: 3/3
  1281 | D:2      | Reached skill level 4 in Fighting
  1444 | D:2      | Noticed Natasha
  1450 | D:2      | Killed from afar by a white imp

Illustrated notes

Levels and vault maps discovered:
D:1:      dpeg_arrival_short_road, layout_basic, minmay_misc_feat_diagonals,
          roderic_lattice_a
D:2:      layout_loops_ring, chequers_ecumenical_altar_twisty, basic_altar,
          uniq_natasha

Skill      XL: |  1  2  3 |
---------------+----------+-----
Fighting       | 4 |  4.0
Maces & Flails | |  2.4
Armour         | |  3.6
Dodging        | |  0.3
Shields        | |  3.5

Action                   || total
-------------------------++-------
Melee: Flail             ||    97
Armor: Scale mail        ||    45
Dodge: Dodged            ||    45
Block: Buckler           ||    19

Table legend: (Time is in decaauts)
 A = Elapsed time spent in this place.
 B = Non-inter-level travel time spent in this place.
 C = Inter-level travel time spent in this place.
 D = Time resting spent in this place.
 E = Time spent auto-exploring this place.
 F = Levels seen in this place.
 G = Mean time per level.
                   A        B        C        D        E       F      G
               +--------+--------+--------+--------+--------+-----+--------+
         Total |   1478 |   1471 |      7 |      0 |   1273 |   2 |  739.0 |
       Dungeon |   1478 |   1471 |      7 |      0 |   1273 |   2 |  739.0 |
               +--------+--------+--------+--------+--------+-----+--------+

Top non-repeatable levels by time:
     D:1: 1235 daAuts
     D:2: 243 daAuts
